 Dungeon Crawl Stone Soup version 0.29.1-2-gbd0b4ee654 (webtiles) character file.

Game seed: 17783595642699441065

6248 DildoBatman the Firebug (level 11, -4/79 HPs)
             Began as a Formicid Conjurer on Nov 10, 2022.
             Was an Elder of Kikubaaqudgha.
             Slain by a komodo dragon (27 damage)
             ... on level 10 of the Dungeon.
             The game lasted 00:40:07 (8790 turns).

DildoBatman the Firebug (Formicid Conjurer)         Turns: 8790, Time: 00:40:08

Health: -4/79      AC: 14    Str: 11    XL:     11   Next: 15%
Magic:  20/30      EV: 16    Int: 19    God:    Kikubaaqudgha [****..]
Gold:   407        SH:  5    Dex: 16    Spells: 5/24 levels left

rFire   + . .      SeeInvis +   a - +11 short sword of Gugaigyst {vorpal, rF+}
rCold   . . .      Faith    .   u - +0 buckler
rNeg    . . .      Spirit   .   R - +0 steam dragon scales
rPois   .          Reflect  .   (helmet unavailable)
rElec   .          Harm     .   (no cloak)
rCorr   .          Rampage  .   v - +0 pair of gloves
Will    +....                   (no boots)
Stlth   ++........              (no amulet)
HPRegen 0.23/turn               t - ring of magical power
MPRegen 0.22/turn               m - +4 ring of evasion

@: ice-armoured
A: permanent stasis, dig shafts and tunnels, antennae 3, four strong arms
a: Dig, Shaft Self, Renounce Religion, Unearth Wretches


You were on level 10 of the Dungeon.
You worshipped Kikubaaqudgha.
Kikubaaqudgha was greatly pleased with you.
You visited 2 branches of the dungeon, and saw 11 of its levels.
You also visited: Bailey.

You collected 610 gold pieces.
You spent 203 gold pieces at shops.

Inventory:

Hand Weapons
 a - the +11 short sword of Gugaigyst (weapon) {vorpal, rF+}
   (You found it in a bailey)

   It inflicts extra damage upon your enemies.
   rF:        It protects you from fire.
 b - a +0 sling
 U - a +2 bardiche of freezing
Missiles
 c - a boomerang
 q - 29 poisoned darts
 w - 75 stones
 O - 3 throwing nets
 V - a curare-tipped dart
Armour
 k - the +0 robe of Nosodah {Rampage rPois}
   (You found it on level 2 of the Dungeon)

   rPois:     It protects you from poison.
   Rampage:   It bestows one free step when moving towards enemies.
 u - a +0 buckler (worn)
 v - a +0 pair of gloves (worn)
 y - the +0 ring mail "Wuimoh" {rElec rN+ rCorr Dex+4}
   (You found it in a bailey)

   Dex:       It affects your dexterity (+4).
   rElec:     It insulates you from electricity.
   rN:        It protects you from negative energy.
   rCorr:     It protects you from acid and corrosion.
 F - a +2 robe of willpower
 R - +0 steam dragon scales (worn)
 T - a +0 kite shield
Jewellery
 l - a +6 ring of strength
 m - a +4 ring of evasion (right hand)
 t - a ring of magical power (left hand)
Wands
 G - a wand of iceblast (11)
 K - a wand of paralysis (16)
 N - a wand of light (26)
Scrolls
 f - 3 scrolls of amnesia {unknown}
 g - 3 scrolls of blinking {unknown}
 n - 2 scrolls of poison {unknown}
 p - a scroll of torment
 r - 2 scrolls of brand weapon {unknown}
 s - 2 scrolls of silence {unknown}
 x - 6 scrolls of vulnerability {unknown}
 z - 5 scrolls of identify
 A - a scroll of fog
 C - 2 scrolls of enchant armour
 D - a scroll of magic mapping {unknown}
 H - 2 scrolls of enchant weapon {unknown}
 M - 2 scrolls of noise
 P - a scroll of fear {unknown}
 Q - a scroll of acquirement {unknown}
 S - a scroll of immolation {unknown}
Potions
 d - 5 potions of heal wounds
 e - 4 potions of curing
 h - a potion of brilliance
 i - 2 potions of lignification
 j - 2 potions of invisibility
 o - 2 potions of magic
 B - 2 potions of mutation {unknown}
 E - 2 potions of resistance {unknown}
 I - a potion of cancellation {unknown}
 J - 3 potions of might {unknown}
 L - a potion of ambrosia {unknown}


   Skills:
 - Level 5.0 Fighting
 * Level 3.3 Short Blades
 - Level 5.0 Armour
 - Level 3.0 Dodging
 - Level 2.4 Stealth
 * Level 4.1 Shields
 - Level 7.0 Spellcasting
 - Level 7.0 Conjurations
 - Level 2.9 Necromancy
 - Level 7.0 Fire Magic
 - Level 5.1 Ice Magic
 - Level 3.6 Earth Magic


You had 5 spell levels left.
You knew the following spells:

 Your Spells              Type           Power      Damage    Failure   Level
a - Searing Ray           Conj           66%        2d6       1%          2
b - Conjure Flame         Conj/Fire      33%        6-21      1%          3
c - Magic Dart            Conj           100%       1d8       1%          1
d - Vampiric Draining     Necr           17%        2d7       11%         3
e - Flame Wave            Conj/Fire      33%        2d10      7%          4
f - Stone Arrow           Conj/Erth      52%        3d10      4%          3
g - Ozocubu's Armour      Ice            26%        N/A       4%          3

Your spell library contained the following spells:

 Spells                   Type           Power      Damage    Failure   Level
 Foxfire                  Conj/Fire      100%       2x1d9     1%          1
 Necrotise                Necr           68%        1d7       3%          1
 Dazzling Flash           Conj/Hex       38%        N/A       9%          3
 Inner Flame              Hex/Fire       19%        N/A       9%          3
 Summon Small Mammal      Summ           24%        N/A       12%         1
 Fulminant Prism          Conj/Hex       9%         3d7       28%         4
 Iskenderun's Mystic Bla  Conj/Tloc      19%        2d6       28%         4
 Call Canine Familiar     Summ           6%         N/A       36%         3
 Gell's Gravitas          Tloc           6%         N/A       36%         3
 Lesser Beckoning         Tloc           6%         N/A       36%         3
 Portal Projectile        Hex/Tloc       12%        N/A       36%         3
 Summon Guardian Golem    Hex/Summ       6%         N/A       36%         3
 Teleport Other           Tloc           6%         N/A       36%         3
 Animate Dead             Necr           17%        N/A       36%         4
 Dispel Undead            Necr           17%        3d10      36%         4
 Animate Armour           Summ/Erth      26%        N/A       50%         4
 Leda's Liquefaction      Hex/Erth       6%         N/A       50%         4
 Anguish                  Hex/Necr       6%         N/A       56%         4
 Corpse Rot               Necr/Pois/Air  10%        N/A       63%         4
 Agony                    Necr           17%        N/A       71%         5
 Cause Fear               Hex            3%         N/A       77%         4
 Metabolic Englaciation   Hex/Ice        8%         N/A       77%         5
 Simulacrum               Ice/Necr       10%        N/A       98%         6
 Death Channel            Necr           8%         N/A       99%         6
 Discord                  Hex            3%         N/A       100%        8
 Lehudib's Crystal Spear  Conj/Erth      13%        10d4      100%        8


Dungeon Overview and Level Annotations

Branches:
Dungeon (10/15)            Temple (1/1) D:6          Bailey (visited)
   Lair: D:8-11         Orc: D:9-12

Altars:
Ashenzari
Cheibriados
Dithmenos
Elyvilon
Fedhas
Gozag
Hepliaklqana
Kikubaaqudgha
Okawaru
Qazlal
Ru
Sif Muna
Trog
Uskayaw
Wu Jian
Xom
Yredelemnul
Zin
The Shining One

Shops:
D:6 (?

Annotations:
D:6 exclusion: ancestor, Maggie


Innate Abilities, Weirdness & Mutations

You cannot be hasted, slowed, berserked, paralysed or teleported.
You can dig through walls and to a lower floor.
You have a pair of large antennae on your head. (SInv)
Your four strong arms can wield two-handed weapons with a shield.


Message History

You finish channelling your searing ray.
The komodo dragon misses you.
You hit the komodo dragon.
The komodo dragon is heavily wounded.
The komodo dragon closely misses you.
You hit the komodo dragon but do no damage.
The komodo dragon is heavily wounded.
The komodo dragon bites you but does no damage.
You puncture the komodo dragon!
The komodo dragon is almost dead.
The komodo dragon bites you.
You hit the komodo dragon but do no damage.
The komodo dragon is almost dead.
The komodo dragon barely misses you.
You hit the komodo dragon but do no damage.
The komodo dragon is almost dead.
The komodo dragon bites you!!
You barely miss the komodo dragon.
The komodo dragon is almost dead.
The komodo dragon bites you!
You hit the komodo dragon.
The komodo dragon is almost dead.
The komodo dragon misses you.
Casting: Searing Ray (safe; 1% risk of failure)
Confirm with . or Enter, or press ? or * to list all spells.
Aiming: Searing Ray (safe; 1% risk of failure)
Press: ? - help, Shift-Dir - straight line, f/p - komodo dragon
Aim: a komodo dragon (almost dead, 86% to hit)
The searing ray hits the komodo dragon.
The komodo dragon is almost dead. (Press . to maintain the ray.)
The komodo dragon barely misses you.
The searing ray hits the komodo dragon but does no damage.
The komodo dragon is almost dead.
The komodo dragon bites you.
The searing ray hits the komodo dragon.
The komodo dragon is almost dead.
The komodo dragon bites you!!
You die...
Kikubaaqudgha rasps: "You have failed me!
Welcome... death!"

..... .. .
.........## ..
#.........#####
..!#... ..........
....... ..........
.#.....##.........
..................
........#........$
........l@........
........#.........
#.......####....##
#.......# ..##
........# .#
........Y {{ ..
.######## .. { { .


You could see a komodo dragon.

Vanquished Creatures
  A gargoyle (Bailey)
  A troll (D:6)
  2 wyverns (D:9)
  4 yaks (D:8)
  2 vampires
  A steam dragon (D:8)
  2 acid dragons
  Duvessa (D:6)
  3 orc warriors
  2 black bears
  3 sky beasts
  An ice beast (D:8)
  3 ogres
  3 centaurs
  3 phantoms
  2 kobold brigands
  A gnoll sergeant (D:9)
  3 bullfrogs
  3 necrophages
  4 scorpions
  Dowan (D:6)
  6 killer bees (D:8)
  8 vampire bats (Bailey)
  3 wolf zombies (Bailey)
  6 hounds
  2 jellies (D:6)
  3 orc priests
  A gnoll bouda (D:7)
  An iguana (D:6)
  Ijyb (D:5)
  8 orc wizards
  10 gnolls
  11 adders
  2 white imps
  An ufetubus (D:5)
  3 worms
  4 dart slugs
  25 orcs
  4 bats
  11 endoplasms
  6 giant cockroaches
  10 goblins
  9 hobgoblins
  4 jackals (D:5)
  14 kobolds
  8 quokkas
  4 ball pythons
  7 frilled lizards
  18 orc zombies (Bailey)
  3 rats
239 creatures vanquished.

Vanquished Creatures (others)
  2 plants (D:2)
  4 withered plants (D:2)
6 creatures vanquished.

Grand Total: 245 creatures vanquished

Notes
Turn   | Place    | Note
-------+----------+-------------------------------------------
     0 | D:1      | DildoBatman the Formicid Conjurer began the quest for the
                  | Orb.
     0 | D:1      | Reached XP level 1. HP: 13/13 MP: 3/3
   138 | D:1      | Reached XP level 2. HP: 19/19 MP: 5/5
   144 | D:1      | Learned a level 2 spell: Searing Ray
   322 | D:1      | Reached XP level 3. HP: 24/24 MP: 6/6
   598 | D:2      | Found a shimmering altar of Xom.
   613 | D:2      | Identified the +0 robe of Nosodah {Rampage rPois}
   740 | D:2      | Reached skill level 5 in Conjurations
   740 | D:2      | Reached XP level 4. HP: 30/30 MP: 6/7
  1127 | D:2      | Found a faded altar of an unknown god.
  1281 | D:3      | Reached XP level 5. HP: 35/35 MP: 8/8
  1716 | D:3      | Reached XP level 6. HP: 34/41 MP: 9/9
  2010 | D:4      | You fall into a shaft and drop 2 floors!
  2013 | D:6      | Noticed an acid dragon
  2036 | D:6      | Reached skill level 1 in Fighting
  2036 | D:6      | Reached XP level 7. HP: 33/48 MP: 5/11
  2043 | D:6      | Found a staircase to the Ecumenical Temple.
  2055 | Temple   | Entered the Ecumenical Temple
  2099 | Temple   | Became a worshipper of Kikubaaqudgha
  2149 | D:6      | Noticed Maggie
  2161 | D:6      | You fall into a shaft and drop 3 floors!
  2162 | D:9      | Noticed a wyvern
  2165 | D:9      | Noticed an acid dragon
  2176 | D:9      | Killed an acid dragon
  2298 | D:8      | Learned a level 3 spell: Ozocubu's Armour
  2315 | D:8      | Learned a level 3 spell: Conjure Flame
  2417 | D:8      | Noticed a yak
  2419 | D:8      | Noticed a yak
  2433 | D:8      | Reached skill level 1 in Fire Magic
  2433 | D:8      | Reached XP level 8. HP: 20/58 MP: 14/14
  2440 | D:8      | You fall into a shaft and drop 2 floors!
  2440 | D:10     | Entered Level 10 of the Dungeon
  2853 | D:7      | Found a flagged portal.
  2932 | D:7      | Reached skill level 5 in Fire Magic
  3045 | Bailey   | Entered a bailey
  3101 | Bailey   | Reached * piety under Kikubaaqudgha
  3101 | Bailey   | Received a gift from Kikubaaqudgha
  3106 | Bailey   | Learned a level 3 spell: Vampiric Draining
  3146 | Bailey   | Identified the +0 ring mail "Wuimoh" {rElec rN+ rCorr
                  | Dex+4}
  3245 | Bailey   | Reached skill level 1 in Ice Magic
  3245 | Bailey   | Reached XP level 9. HP: 54/63 MP: 13/15
  3249 | Bailey   | Reached skill level 5 in Spellcasting
  3330 | Bailey   | Noticed a gargoyle
  3393 | Bailey   | Learned a level 4 spell: Flame Wave
  3648 | Bailey   | Killed a gargoyle
  4304 | Bailey   | Identified the +11 short sword of Gugaigyst {vorpal, rF+}
  4414 | D:7      | Learned a level 3 spell: Stone Arrow
  4415 | D:6      | Noticed a troll
  4452 | D:6      | Killed a troll
  4515 | D:6      | Reached skill level 1 in Earth Magic
  4520 | D:5      | Entered Level 5 of the Dungeon
  4636 | D:4      | Reached skill level 1 in Necromancy
  4754 | D:4      | Reached ** piety under Kikubaaqudgha
  5054 | D:4      | Reached XP level 10. HP: 55/70 MP: 19/19
  5703 | D:5      | Found an opulent altar of Gozag.
  5703 | D:5      | Found a snail-covered altar of Cheibriados.
  5744 | D:5      | Noticed Ijyb
  5759 | D:5      | Killed Ijyb
  5852 | D:5      | Reached skill level 1 in Short Blades
  6173 | D:6      | Found Foecoti's Magic Scroll Emporium.
  6181 | D:6      | Bought a scroll of identify for 22 gold pieces
  6181 | D:6      | Bought a scroll of identify for 22 gold pieces
  6181 | D:6      | Bought a scroll of identify for 22 gold pieces
  6181 | D:6      | Bought a scroll of noise for 11 gold pieces
  6181 | D:6      | Bought a scroll of fog for 44 gold pieces
  6181 | D:6      | Bought a scroll of enchant armour for 82 gold pieces
  6295 | D:6      | Found Kaegoorph's Antique Weapon Boutique.
  6431 | D:6      | Noticed Duvessa
  6474 | D:6      | Noticed Dowan
  6482 | D:6      | Killed Duvessa
  6482 | D:6      | Killed Dowan
  6517 | D:6      | Found a hazy altar of Hepliaklqana.
  6518 | D:6      | Found a shadowy altar of Dithmenos.
  6754 | D:6      | Reached *** piety under Kikubaaqudgha
  6754 | D:6      | Received a gift from Kikubaaqudgha
  7079 | D:7      | Found a hide-covered altar of Uskayaw.
  7080 | D:7      | Found a basalt altar of Yredelemnul.
  7080 | D:7      | Found a glowing silver altar of Zin.
  7082 | D:7      | Found a bloodstained altar of Trog.
  7082 | D:7      | Found a stormy altar of Qazlal.
  7084 | D:7      | Found a sacrificial altar of Ru.
  7084 | D:7      | Found an iron altar of Okawaru.
  7088 | D:7      | Found a shimmering altar of Xom.
  7656 | D:8      | Reached skill level 5 in Ice Magic
  8173 | D:9      | Reached XP level 11. HP: 78/78 MP: 21/21
  8479 | D:9      | Reached **** piety under Kikubaaqudgha
  8480 | D:9      | Reached skill level 5 in Fighting
  8680 | D:9      | Reached skill level 5 in Armour
  8790 | D:10     | Slain by a komodo dragon

Illustrated notes

Levels and vault maps discovered:
D:1:      dpeg_arrival_oval, layout_rooms
D:2:      layout_rooms, shapermc_ecumenical_altar_flowoftime, basic_altar,
          minmay_indecisive_spiral
D:3:      layout_basic
D:4:      nicolae_cairo_tiling, layout_basic, lemuel_flame_loot_1
D:5:      layout_gridville, gammafunk_temple_overflow_statue, uniq_ijyb
D:6:      layout_loops_ring, riverfiend_overflow_shadow_ancestor,
          minmay_temple_entry_statues_fountains, chequers_ossuary_entry_cave,
          serial_shops, nicolae_diamond_shop, nicolae_stop_n_shop_2,
          ebering_dispersal_statue_hall, minmay_chambers_of_fives, uniq_duvessa,
          uniq_maggie
D:7:      layout_basic, grunt_temple_overflow_open, enter_bailey_3
D:8:      layout_loops_ring
D:9:      layout_roguey, minmay_misc_feat_plants, bh_walls_and_bars
D:10:     layout_rooms, grunt_temple_overflow_lords_of_destruction,
          nicolae_concentric_dashed_squares_mild
Temple:   nicolae_temple_godpark

Skill      XL: |  1  2  3  4  5  6  7  8  9 10 11 |
---------------+----------------------------------+-----
Conjurations   | 4 5 6 7 |  7.0
Shields        | 2 3 4 |  4.1
Fighting       | 1 3 4 5 |  5.0
Armour         | 2 3 4 5 |  5.0
Dodging        | 2 3 |  3.0
Spellcasting   | 4 6 7 |  7.0
Fire Magic     | 1 6 7 |  7.0
Ice Magic      | 1 4 5 |  5.1
Earth Magic    | 1 3 |  3.6
Necromancy     | 1 2 |  2.9
Short Blades   | 2 3 |  3.3
Stealth        | |  2.4

Action                   |  1- 3 |  4- 6 |  7- 9 | 10-12 || total
-------------------------+-------+-------+-------+-------++-------
Melee: Unarmed           |     6 |       |       |       ||     6
       Short sword       |     1 |       |   140 |   149 ||   290
       Quarterstaff      |       |    34 |       |       ||    34
       Falchion          |       |    18 |       |       ||    18
       Punch             |       |     2 |       |       ||     2
 Fire: Sling             |       |       |    43 |       ||    43
 Cast: Magic Dart        |    64 |    21 |     6 |    12 ||   103
       Searing Ray       |     2 |    13 |    32 |    36 ||    83
       Conjure Flame     |       |       |    33 |     2 ||    35
       Flame Wave        |       |       |     4 |     3 ||     7
       Ozocubu's Armour  |       |       |     1 |     6 ||     7
 Abil: Dig               |       |     1 |     2 |       ||     3
       Shaft Self        |       |       |     2 |       ||     2
  Use: Scroll            |       |       |     7 |     3 ||    10
       Potion            |       |       |     1 |       ||     1
 Stab: Sleeping          |     1 |     2 |       |     5 ||     8
Armor: Robe              |     6 |     6 |     2 |     7 ||    21
       Ring mail         |       |       |    75 |    16 ||    91
       Steam dragon scal |       |       |       |    15 ||    15
Dodge: Dodged            |    13 |    36 |   168 |   110 ||   327
Block: Buckler           |       |     3 |    64 |    24 ||    91
